 Dungeon Crawl Stone Soup version 0.23-a0-167-gf92cf62f8f (webtiles) character file.

109 PikkenKukken the Shield-Bearer (level 4, 0/24 HPs)
             Began as a Vine Stalker Fighter on Sept 11, 2018.
             Slain by an orc
             ... wielding a +0 club
              (4 damage)
             ... on level 3 of the Dungeon.
             The game lasted 00:02:03 (1549 turns).

PikkenKukken the Shield-Bearer (VSFi)               Turns: 1549, Time: 00:02:03

Health: 0/24       AC:  6    Str: 19    XL:     4   Next: 90%
Magic:  0/5        EV:  7    Int:  8    God:
Gold:   94         SH: 10    Dex: 14    Spells: 3/3 levels left

rFire    . . .     SeeInvis .   a - +0 rapier
rCold    . . .     Gourm    .   c - +1 shield
rNeg     . . .     Faith    .   b - +0 scale mail
rPois    .         Spirit   +   (no helmet)
rElec    .         Reflect  .   (no cloak)
rCorr    .         Harm     .   (no gloves)
MR       .....                  (no boots)
Stlth    ..........             (no amulet)
HPRegen  0.48/turn              (no ring)
MPRegen  0.09/turn              (no ring)

@: no status effects
A: fangs 2, regeneration 1, magic shield, antimagic bite, no potion heal 3, rot
immunity
a: no special abilities


You were on level 3 of the Dungeon.
You were not hungry.

You visited 1 branch of the dungeon, and saw 3 of its levels.

You collected 94 gold pieces.

Inventory:

Hand Weapons
 a - a +0 rapier (weapon)
Armour
 b - a +0 scale mail (worn)
 c - a +1 shield (worn)
Scrolls
 i - a scroll of blinking
 m - a scroll of remove curse
Potions
 d - a potion of might
 e - a potion of invisibility {unknown}
 g - a potion of flight
 h - a potion of resistance {unknown}
 j - 4 potions of haste
 l - 2 potions of agility
 n - a potion of degeneration {unknown}
Comestibles
 f - 4 rations
 k - 11 chunks of flesh


   Skills:
 + Level 3.2 Fighting
 * Level 3.1 Short Blades
 + Level 2.9 Armour
 + Level 3.2 Shields


You had 3 spell levels left.
You didn't know any spells.
Your spell library contained the following spells:

 Spells                   Type           Power        Failure   Level  Hunger
 Beastly Appendage        Tmut           #.....       99%         1    ##.....
 Sticks to Snakes         Tmut           #.......     100%        2    ###....
 Spider Form              Tmut/Pois      #.........   100%        3    ####...
 Ice Form                 Ice/Tmut       #.......     100%        4    #####..
 Blade Hands              Tmut           #.........   100%        5    ######.


Dungeon Overview and Level Annotations

Branches:
Dungeon (3/15)

Altars:
Nemelex Xobeh


Innate Abilities, Weirdness & Mutations

You have extremely sharp teeth.
Your natural rate of healing is unusually fast.
When hurt, damage is shared between your health and your magic reserves.
Your bite disrupts and absorbs the magic of your enemies.
Potions cannot restore your health.
You are immune to rotting.


Message History

The puff of frost hits you!
* * * LOW HITPOINT WARNING * * *
You puncture the orc wizard!
You kill the orc wizard!
Your Short Blades skill increases to level 3!
The goblin wields a hunting sling.
The goblin shoots a stone.
You block the stone.
The goblin unwields an uncursed hunting sling.
You block the goblin's attack.
Things that are here:
a dagger; a robe; an orc corpse You hit the goblin.
The goblin is severely wounded.
You block the goblin's attack.
You hit the goblin.
You kill the goblin!
You hit the orc.
The orc is severely wounded.
The orc hits you with a club.
You die...

#.####.#..#...#
... #.#
#.#..##)###.#
..#
#.#..##.....#
###
#.........#.#
#....####.#..
#............
##.....##.### #
#.#...##g#####.#
#.##....oo@(...#
#.##..##.#######
#.##..##.# . #.
#..##.# ...
#.).##.# ..#
....$##.#
..........#
....?...$####
##########


You could see 2 orcs and a hobgoblin.

Vanquished Creatures
  An orc wizard (D:3)
  4 adders (D:2)
  A worm (D:2)
  A dart slug (D:1)
  3 leopard geckos (D:2)
  3 orcs
  3 bats
  3 giant cockroaches (D:1)
  2 goblins
  6 hobgoblins
  A quokka (D:3)
  A kobold (D:3)
  4 rats
33 creatures vanquished.

Notes
Turn   | Place    | Note
-------+----------+-------------------------------------------
     0 | D:1      | PikkenKukken the Vine Stalker Fighter began the quest for
                  | the Orb.
     0 | D:1      | Reached XP level 1. HP: 11/11 MP: 2/2
   413 | D:1      | Reached XP level 2. HP: 15/16 MP: 3/3
   871 | D:2      | Reached XP level 3. HP: 15/19 MP: 4/4
  1047 | D:2      | Gained mutation: Your natural rate of healing is unusually
                  | fast. [Vine Stalker growth]
  1047 | D:2      | Reached XP level 4. HP: 6/24 MP: 1/5
  1437 | D:3      | Found a sparkling altar of Nemelex Xobeh.
  1450 | D:3      | Noticed a big kobold
  1544 | D:3      | HP: 1/24 [orc wizard/puff of frost (10)]
  1549 | D:3      | Slain by an orc

Vault maps used:
D:1:      scummos_arrival_simple_crosswalls
D:2:      kennysheep_cross_room, st_stairs_3
D:3:      cheibrodos_thug_alley, nemelex_xobeh_ov_fountains_minmay,
          first_ration, bloody_makhleb

Skill      XL: |  1  2  3  4 |
---------------+-------------+-----
Short Blades   | 2 3 |  3.1
Fighting       | 3 |  3.2
Shields        | 3 |  3.2
Armour         | |  2.9

Action                   |  1- 3 |  4- 6 || total
-------------------------+-------+-------++-------
Melee: Rapier            |    70 |    36 ||   106
       Bite              |    19 |    10 ||    29
  Use: Scroll            |     7 |     2 ||     9
  Eat: Chunk             |       |     2 ||     2
Armor: Scale mail        |    35 |     9 ||    44
Dodge: Dodged            |    19 |     8 ||    27
Block: Shield            |    32 |    25 ||    57

Table legend:
 A = Non-vault XP
 B = Vault XP
 C = Vault XP percentage of total XP
 D = Non-vault monster count
 E = Vault monster count
 F = Vault count percentage of total count
                 A         B        C        D         E       F
            +---------+---------+-------+---------+---------+-------
      Total |     155 |       2 |   1.3 |      32 |       1 |   3.0
            +---------+---------+-------+---------+---------+-------
        D:1 |      17 |       0 |   0.0 |       8 |       0 |   0.0
        D:2 |      82 |       2 |   2.4 |      16 |       1 |   5.9
        D:3 |      56 |       0 |   0.0 |       8 |       0 |   0.0
            +---------+---------+-------+---------+---------+-------
